 Dungeon Crawl Stone Soup version 0.30-a0-743-gbfdf073431 (webtiles) character file.

Game seed: 10686099146752172807

91 DeathSun the Chucker (level 4, 0/32 HPs)
             Began as a Gnoll Wanderer on Feb 8, 2023.
             Slain by an orc
             ... wielding a +0 war axe
              (7 damage)
             ... on level 2 of the Dungeon.
             The game lasted 00:05:14 (1959 turns).

DeathSun the Chucker (Gnoll Wanderer)               Turns: 1959, Time: 00:05:15

Health: 0/32       AC:  2    Str: 10    XL:     4   Next: 57%
Magic:  2/8        EV: 12    Int: 14    God:
Gold:   110        SH:  0    Dex: 12    Spells: 7/9 levels left

rFire   . . .      SeeInvis .    u - +0 dagger (speed)
rCold   . . .      Faith    .    (no shield)
rNeg    . . .      Spirit   .    e - +0 robe
rPois   .          Reflect  .    (no helmet)
rElec   .          Harm     .    (no cloak)
rCorr   .          Rampage  .    (no gloves)
Will    .....                    (no boots)
Stlth   ++                       (no amulet)
HPRegen 0.25/turn                r - ring of flight
MPRegen 0.11/turn                (no ring)

@: flying, very slightly contaminated
A: fangs 1, strong nose, distributed training
a: no special abilities


You were on level 2 of the Dungeon.
You visited 1 branch of the dungeon, and saw 2 of its levels.

You collected 110 gold pieces.

Inventory:

Hand Weapons
 a - a +0 rapier
 c - a +0 dagger
 s - a +4 dagger
 u - a +0 dagger of speed (weapon)
Missiles
 b - 10 boomerangs (quivered)
 i - 3 javelins
Armour
 e - a +0 robe (worn)
Magical Staves
 m - a staff of cold
Jewellery
 r - a ring of flight (left hand)
 t - a ring of wizardry
Scrolls
 d - a scroll of fear
 f - 3 scrolls of identify {unknown}
 h - a scroll of teleportation {unknown}
 j - 2 scrolls of enchant armour {unknown}
 k - 4 scrolls of fog {unknown}
 n - a scroll of magic mapping {unknown}
 p - a scroll of blinking {unknown}
Potions
 g - a potion of cancellation {unknown}
 l - a potion of brilliance {unknown}
 o - a potion of might {unknown}
 q - a potion of degeneration {unknown}
 v - a potion of heal wounds {unknown}


   Skills:
 + Level 1.2 Fighting
 + Level 4.7 Short Blades
 + Level 1.2 Long Blades
 + Level 1.2 Axes
 + Level 1.2 Maces & Flails
 + Level 1.2 Polearms
 + Level 1.2 Staves
 + Level 1.2 Ranged Weapons
 + Level 4.7 Throwing
 + Level 2.8 Armour
 + Level 2.8 Dodging
 + Level 2.6 Stealth
 + Level 1.2 Shields
 + Level 1.2 Unarmed Combat
 + Level 3.0 Spellcasting
 + Level 3.9 Conjurations
 + Level 1.0 Hexes
 + Level 1.0 Summonings
 + Level 1.0 Necromancy
 + Level 1.0 Translocations
 + Level 1.0 Transmutations
 + Level 1.0 Fire Magic
 + Level 1.0 Ice Magic
 + Level 1.0 Air Magic
 + Level 1.0 Earth Magic
 + Level 1.0 Poison Magic
 + Level 1.3 Invocations
 + Level 1.2 Evocations


You had 7 spell levels left.
You knew the following spells:

 Your Spells              Type           Power      Damage    Failure   Level
a - Shock                 Conj/Air       36%        1d5       8%          1
b - Summon Small Mammal   Summ           20%        N/A       14%         1

Your spell library contained the following spells:

 Spells                   Type           Power      Damage    Failure   Level
 Stone Arrow              Conj/Erth      18%        3d8       24%         3
 Call Canine Familiar     Summ           5%         N/A       38%         3
 Summon Guardian Golem    Hex/Summ       5%         N/A       38%         3


Dungeon Overview and Level Annotations

Branches:
Dungeon (2/15)

Altars:
Nemelex Xobeh


Innate Abilities, Weirdness & Mutations

You have very sharp teeth.
Your uncanny sense of smell can sniff out nearby items.
Your experience applies equally to all skills.


Message History

The hobgoblin attacks as you move away! The hobgoblin closely misses you.
Casting: Summon Small Mammal (safe; 14% risk of failure)
Confirm with . or Enter, or press ? or * to list all spells.
Aiming: Shock (safe; 8% risk of failure)
Press: ? - help, Shift-Dir - straight line, f - orc
Aim: an orc, wielding a +0 mace and wearing a +0 scale mail (72% to hit)
The zap hits the orc.
The orc is moderately wounded.
The zap hits the orc.
The orc is lightly wounded.
The orc hits you with a +0 war axe.
* * * LOW HITPOINT WARNING * * *
Casting: Shock (safe; 8% risk of failure)
Confirm with . or Enter, or press ? or * to list all spells.
Aiming: Shock (safe; 8% risk of failure)
Press: ? - help, Shift-Dir - straight line, f - hobgoblin
Aim: a hobgoblin (moderately wounded, 68% to hit)
The zap misses the orc.
The zap hits the hobgoblin.
The hobgoblin is almost dead.
The orc closely misses you.
Casting: Shock (safe; 8% risk of failure)
Confirm with . or Enter, or press ? or * to list all spells.
Aiming: Shock (safe; 8% risk of failure)
Press: ? - help, Shift-Dir - straight line The zap hits the orc but does no damage.
The orc is moderately wounded.
The zap hits the orc.
The orc is heavily wounded.
The zap hits the orc.
The orc is heavily wounded.
The orc hits you with a +0 war axe.
* * * LOW HITPOINT WARNING * * *
Casting: Shock (safe; 8% risk of failure)
Confirm with . or Enter, or press ? or * to list all spells.
Aiming: Shock (safe; 8% risk of failure)
Press: ? - help, Shift-Dir - straight line You miscast Shock.
You are very lightly contaminated with residual magic.
Nothing appears to happen.
The orc hits you with a +0 war axe!
You die...

..# #.......#
########## #....
#.#
#......####....##
##... #.# #.....##
#.8..8.# ##.. #.#
#....## #......#
##. #.# #...##
##)...## ## #.#
#..#### ###)##.# #
# #.#
#.#...###.##''##.#
#.#
#..###.'.#oog...#
#.#
#.#...###@##''##.#
#.# #..####
###.##.# # #
#.######.. #....#
## ..........
#......# ##.
..#######..
#.8..8.# ##..
..### .. ##....##
##... ......
####### #....
..#### #..# ####.
..# #..# #.


You could see 2 orcs and a hobgoblin.

Vanquished Creatures
  Robin (D:2)
  An adder (D:2)
  2 dart slugs (D:1)
  2 orcs (D:2)
  3 ball pythons (D:1)
  3 endoplasms (D:1)
  2 giant cockroaches
  11 goblins
  11 hobgoblins
  5 bats
  2 frilled lizards
  6 kobolds
  8 rats
57 creatures vanquished.

Vanquished Creatures (collateral kills)
  A ball python (D:2)
  An endoplasm (D:2)
  A goblin (D:1)
3 creatures vanquished.

Grand Total: 60 creatures vanquished

Notes
Turn   | Place    | Note
-------+----------+-------------------------------------------
     0 | D:1      | DeathSun the Gnoll Wanderer began the quest for the Orb.
     0 | D:1      | DeathSun set off with the following items: a +0 rapier, 8
                  | boomerangs, a +0 dagger, a scroll of fear, a +0 robe; and
                  | the following spell memorised: Shock; and the following
                  | spells available to memorise: Stone Arrow.
     0 | D:1      | Reached XP level 1. HP: 13/13 MP: 4/4
    95 | D:1      | Reached XP level 2. HP: 19/19 MP: 3/5
   393 | D:1      | Reached XP level 3. HP: 25/25 MP: 7/7
   579 | D:1      | Learned a level 1 spell: Summon Small Mammal
   597 | D:1      | Reached skill level 1 in Invocations
  1064 | D:2      | Reached skill level 1 in Fighting
  1064 | D:2      | Reached skill level 1 in Long Blades
  1064 | D:2      | Reached skill level 1 in Axes
  1064 | D:2      | Reached skill level 1 in Maces & Flails
  1064 | D:2      | Reached skill level 1 in Polearms
  1064 | D:2      | Reached skill level 1 in Staves
  1064 | D:2      | Reached skill level 1 in Ranged Weapons
  1064 | D:2      | Reached skill level 1 in Shields
  1064 | D:2      | Reached skill level 1 in Unarmed Combat
  1064 | D:2      | Reached skill level 1 in Evocations
  1226 | D:2      | Found a sparkling altar of Nemelex Xobeh.
  1278 | D:2      | Noticed Robin
  1291 | D:2      | Reached XP level 4. HP: 32/32 MP: 2/8
  1299 | D:2      | Killed Robin
  1618 | D:2      | Reached skill level 1 in Hexes
  1618 | D:2      | Reached skill level 1 in Summonings
  1618 | D:2      | Reached skill level 1 in Necromancy
  1618 | D:2      | Reached skill level 1 in Translocations
  1618 | D:2      | Reached skill level 1 in Transmutations
  1618 | D:2      | Reached skill level 1 in Fire Magic
  1618 | D:2      | Reached skill level 1 in Ice Magic
  1618 | D:2      | Reached skill level 1 in Air Magic
  1618 | D:2      | Reached skill level 1 in Earth Magic
  1618 | D:2      | Reached skill level 1 in Poison Magic
  1959 | D:2      | Slain by an orc

Illustrated notes

Levels and vault maps discovered:
D:1:      enne_arrival_octagon_isle, layout_loops_ring
D:2:      layout_loops_ring, basic_altar, wad_orctagon, uniq_robin

Skill      XL: |  1  2  3  4 |
---------------+-------------+-----
Invocations    | 1 |  1.3
Fighting       | 1 |  1.2
Long Blades    | 1 |  1.2
Axes           | 1 |  1.2
Maces & Flails | 1 |  1.2
Polearms       | 1 |  1.2
Staves         | 1 |  1.2
Ranged Weapons | 1 |  1.2
Shields        | 1 |  1.2
Unarmed Combat | 1 |  1.2
Evocations     | 1 |  1.2
Spellcasting   | 3 |  3.0
Hexes          | 1 |  1.0
Summonings     | 1 |  1.0
Necromancy     | 1 |  1.0
Translocations | 1 |  1.0
Transmutations | 1 |  1.0
Fire Magic     | 1 |  1.0
Ice Magic      | 1 |  1.0
Air Magic      | 1 |  1.0
Earth Magic    | 1 |  1.0
Poison Magic   | 1 |  1.0
Short Blades   | |  4.7
Throwing       | |  4.7
Armour         | |  2.8
Dodging        | |  2.8
Stealth        | |  2.6
Conjurations   | |  3.9

Action                     |  1- 3 |  4- 6 || total
---------------------------+-------+-------++-------
  Melee: Rapier            |   108 |    13 ||   121
         Bite              |    13 |     4 ||    17
         Dagger            |       |    44 ||    44
         Punch             |       |     2 ||     2
   Cast: Shock             |    19 |     5 ||    24
         Summon Small Mamm |     5 |    11 ||    16
   Stab: Sleeping          |     5 |     1 ||     6
 Armour: Robe              |    18 |     4 ||    22
  Dodge: Dodged            |    57 |    23 ||    80

Table legend: (Time is in decaauts)
 A = Elapsed time spent in this place.
 B = Non-inter-level travel time spent in this place.
 C = Inter-level travel time spent in this place.
 D = Time resting spent in this place.
 E = Time spent auto-exploring this place.
 F = Levels seen in this place.
 G = Mean time per level.
                   A        B        C        D        E       F      G
               +--------+--------+--------+--------+--------+-----+--------+
         Total |   1931 |   1748 |    183 |      0 |   1320 |   2 |  965.5 |
       Dungeon |   1931 |   1748 |    183 |      0 |   1320 |   2 |  965.5 |
               +--------+--------+--------+--------+--------+-----+--------+

Top non-repeatable levels by time:
     D:1: 1029 daAuts
     D:2: 901 daAuts
